 Dungeon Crawl Stone Soup version 0.28.0-43-g3370ac3207 (webtiles) character file.

Game seed: 2236673351278778859

16 adizb the Grave Robber (level 2, 0/15 HPs)
             Began as a Deep Elf Necromancer on Mar 15, 2022.
             Slain by a giant cockroach (2 damage)
             ... on level 1 of the Dungeon.
             The game lasted 00:03:02 (410 turns).

adizb the Grave Robber (Deep Elf Necromancer)        Turns: 410, Time: 00:03:02

Health: 0/15       AC:  2    Str:  5    XL:     2   Next: 37%
Magic:  7/8        EV: 12    Int: 19    God:
Gold:   9          SH:  0    Dex: 15    Spells: 5/7 levels left

rFire   . . .      SeeInvis .   g - +0 dagger
rCold   . . .      Faith    .   (no shield)
rNeg    . . .      Spirit   .   a - +0 robe
rPois   .          Reflect  .   (no helmet)
rElec   .          Harm     .   (no cloak)
rCorr   .          Rampage  .   (no gloves)
Will    .....                   (no boots)
Stlth   ++........              (no amulet)
HPRegen 0.05/turn               (no ring)
MPRegen 0.11/turn               (no ring)

@: no status effects
A: no striking features
a: no special abilities


You were on level 1 of the Dungeon.
You visited 1 branch of the dungeon, and saw 1 of its levels.

You collected 9 gold pieces.

Inventory:

Hand Weapons
 g - a +0 dagger (weapon)
Missiles
 f - 16 arrows
Armour
 a - a +0 robe (worn)
 e - a +0 leather armour
Scrolls
 b - a scroll of identify {unknown}
 c - a scroll of teleportation {unknown}
 d - a scroll of vulnerability {unknown}


   Skills:
 - Level 2.4 Dodging
 - Level 2.4 Stealth
 + Level 3.4 Spellcasting
 * Level 5.4 Necromancy


You had 5 spell levels left.
You knew the following spells:

 Your Spells              Type           Power      Damage    Failure   Level
a - Pain                  Necr           92%        1d8       1%          1
b - Animate Skeleton      Necr           46%        N/A       1%          1

Your spell library contained the following spells:

 Spells                   Type           Power      Damage    Failure   Level
 Vampiric Draining        Necr           23%        2d7       4%          3
 Animate Dead             Necr           11%        N/A       16%         4
 Agony                    Necr           23%        N/A       41%         5


Dungeon Overview and Level Annotations

Branches:
Dungeon (1/15)

Altars:


Message History

The hobgoblin hits your bat skeleton.
Your bat skeleton completely misses the hobgoblin.
Your bat skeleton barely misses the hobgoblin.
Your bat skeleton hits the hobgoblin but does no damage.
A giant cockroach comes into view.
The hobgoblin barely misses your bat skeleton.
Your bat skeleton closely misses the hobgoblin.
Aiming: Pain (safe; 1% risk of failure)
Press: ? - help, Q - select action, (/) - cycle Shift-Dir - straight line, f/p - hobgoblin
Aim: a hobgoblin (heavily wounded, ally target, chance to affect: 91%)
The hobgoblin writhes in agony.
You kill the hobgoblin!
Aiming: Pain (safe; 1% risk of failure)
Press: ? - help, Q - select action, (/) - cycle Shift-Dir - straight line, f - hobgoblin
Aim: a hobgoblin (chance to affect: 91%)
The hobgoblin writhes in agony.
The giant cockroach waves its antennae.
Your bat skeleton hits the hobgoblin.
The hobgoblin hits your bat skeleton.
Aiming: Pain (safe; 1% risk of failure)
Press: ? - help, Q - select action, (/) - cycle Shift-Dir - straight line, f/p - hobgoblin
Aim: a hobgoblin (severely wounded, ally target, chance to affect: 91%)
The hobgoblin barely resists.
Your bat skeleton closely misses the hobgoblin.
Your bat skeleton barely misses the hobgoblin. x2
Aiming: Pain (safe; 1% risk of failure)
Press: ? - help, Q - select action, (/) - cycle Shift-Dir - straight line, f/p - hobgoblin
Aim: a hobgoblin (severely wounded, ally target, chance to affect: 91%)
The hobgoblin barely resists.
Your bat skeleton hits the hobgoblin but does no damage.
Your bat skeleton barely misses the hobgoblin. x2
The hobgoblin hits your bat skeleton.
Your bat skeleton is destroyed!
The hobgoblin shouts!
The giant cockroach bites you but does no damage.
The giant cockroach bites you but does no damage.
The giant cockroach closely misses you. The giant cockroach closely misses you.
The giant cockroach bites you but does no damage.
The giant cockroach bites you.
You die...

#.# ###.##.....#....#### #.## #.#
#...........###....###..#
#.###...#.......# ####..###.#####
................# ##..........
...............## #####...>.#
.........##...#############......
#..####..###### #.....##....#####
#..# #.#########.....##.g...# #
#.## #......÷..@B.g..#....8.####
#.# ###########............§§≈#
### #...........≈§§≈#
#.....8..8<.≈§≈§#
#...........§≈§≈#
#............≈≈≈#
#.....#....8.#### #............#
#######...####


You could see a giant cockroach and a hobgoblin.

Vanquished Creatures
  A ball python (D:1)
  2 endoplasms (D:1)
  A giant cockroach (D:1)
  2 hobgoblins (D:1)
  A kobold (D:1)
  2 quokkas (D:1)
  A frilled lizard (D:1)
  3 rats (D:1)
13 creatures vanquished.

Vanquished Creatures (collateral kills)
  A bat (D:1)
1 creature vanquished.

Grand Total: 14 creatures vanquished

Notes
Turn   | Place    | Note
-------+----------+-------------------------------------------
     0 | D:1      | adizb the Deep Elf Necromancer began the quest for the Orb.
     0 | D:1      | Reached XP level 1. HP: 10/10 MP: 6/6
    40 | D:1      | Reached skill level 5 in Necromancy
   142 | D:1      | Reached XP level 2. HP: 3/15 MP: 5/8
   305 | D:1      | Learned a level 1 spell: Animate Skeleton
   410 | D:1      | Slain by a giant cockroach

Illustrated notes

Levels and vault maps discovered:
D:1:      grunt_arrival_lava_bath, layout_rooms

Skill      XL: |  1 |
---------------+----+-----
Necromancy     | 5 |  5.4
Dodging        | |  2.4
Stealth        | |  2.4
Spellcasting   | |  3.4

Action                   || total
-------------------------++-------
Melee: Unarmed           ||     2
 Cast: Pain              ||    25
       Animate Skeleton  ||     3
Armor: Robe              ||     3
Dodge: Dodged            ||     3
